 Dungeon Crawl Stone Soup version 0.23.0 (webtiles) character file.

Game seed: 9475335989612835001

11685 asterix666 the Nimble (level 11, 0/55 HPs)
             Began as a Spriggan Abyssal Knight on Feb 10, 2019.
             Was an Elder of Lugonu.
             Slain by a fire bat (3 damage)
             ... in a volcano on Feb 18, 2019.
             The game lasted 01:21:44 (17986 turns).

asterix666 the Nimble (Spriggan Abyssal Knight)    Turns: 17986, Time: 01:21:46

Health: 0/55       AC:  2    Str:  8    XL:     11   Next: 52%
Magic:  18/18      EV: 29    Int: 13    God:    Lugonu [****..]
Gold:   783        SH:  0    Dex: 20    Spells: 10/11 levels left

rFire    + . .     SeeInvis +   b - +1 dagger (venom)
rCold    . . .     Gourm    .   (shield restricted)
rNeg     . . .     Faith    .   h - +0 robe
rPois    .         Spirit   .   (helmet restricted)
rElec    .         Reflect  .   (no cloak)
rCorr    .         Harm     .   (gloves unavailable)
MR       +....                  (boots unavailable)
Stlth    ++++......             (no amulet)
HPRegen  0.18/turn              k - ring of stealth
MPRegen  0.16/turn              v - ring of protection from fire

@: slightly contaminated, very quick
A: very small, unfitting armour, see invisible, herbivore, speed 3, slow
metabolism 2
a: Depart the Abyss, Bend Space, Banish, Corrupt, Renounce Religion


You were in a volcano.
You worshipped Lugonu.
Lugonu was greatly pleased with you.
You were not hungry.

You visited 2 branches of the dungeon, and saw 11 of its levels.
You visited the Abyss 1 time.
You also visited: Volcano.

You collected 783 gold pieces.

Inventory:

Hand Weapons
 a - a +4 spear
 b - a +1 dagger of venom (weapon)
 j - a +0 blowgun
 G - a +1 shortbow of freezing
 N - the +1 rapier of True Grit {pierce, +Inv}
   (You found it on level 1 of the Lair of Beasts)

   It inflicts extra damage upon your enemies.
   It lets you turn invisible.
Missiles
 g - 3 needles of confusion
 w - 60 poisoned needles
 x - 7 curare-tipped needles
 I - 80 arrows
Armour
 h - a +0 robe (worn)
Jewellery
 k - a ring of stealth (left hand)
 p - a +3 ring of strength
 r - an uncursed ring of flight
 s - an uncursed ring of protection from cold
 u - an uncursed ring of poison resistance
 v - a ring of protection from fire (right hand)
Wands
 t - a wand of enslavement (11)
 y - a wand of paralysis (7)
 F - a wand of random effects (23)
 J - a wand of flame (12)
 M - a wand of digging (8)
Scrolls
 d - 7 scrolls of remove curse
 e - 4 scrolls of random uselessness {unknown}
 n - 3 scrolls of amnesia
 o - 5 scrolls of teleportation
 q - a scroll of immolation
 A - 2 scrolls of blinking
 D - a scroll of vulnerability {unknown}
 P - a scroll of identify
Potions
 f - 4 potions of resistance
 i - a potion of magic
 l - 5 potions of haste
 m - 2 potions of curing
 z - a potion of berserk rage
 B - 2 potions of lignification
 H - a potion of mutation {unknown}
 K - a potion of invisibility {unknown}
 L - a potion of ambrosia {unknown}
 O - 2 potions of flight {unknown}
Comestibles
 c - 16 rations


   Skills:
 - Level 5.0 Fighting
 + Level 6.7 Short Blades
 * Level 8.2 Polearms
 + Level 11.9 Dodging
 - Level 5.0 Stealth
 + Level 0.9 Spellcasting
 - Level 9.0 Invocations
 + Level 4.2 Evocations


You had 10 spell levels left.
You knew the following spells:

 Your Spells              Type           Power        Failure   Level  Hunger
a - Summon Butterflies    Summ           #.......     28%         1    ##.....

Your spell library contained the following spells:

 Spells                   Type           Power        Failure   Level  Hunger
 Sting                    Conj/Pois      #...         28%         1    ##.....
 Summon Small Mammal      Summ           #...         28%         1    ##.....
 Poisonous Vapours        Pois/Air       #.....       41%         2    ###....
 Call Canine Familiar     Summ           #.......     65%         3    ####...
 Mephitic Cloud           Conj/Pois/Air  #.......     65%         3    ####...
 Olgreb's Toxic Radiance  Pois           #.......     96%         4    #####..
 Throw Icicle             Conj/Ice       #.......     96%         4    #####..
 Aura of Abjuration       Summ           #.........   100%        5    ######.
 Venom Bolt               Conj/Pois      #.........   100%        5    ######.
 Bolt of Cold             Conj/Ice       #.........   100%        6    #######


Dungeon Overview and Level Annotations

Branches:
Dungeon (9/15)             Temple (0/1) D:5            Lair (2/6) D:9
  Snake (0/4) Lair:2          Orc (0/2) D:9
  Swamp: Lair:2-4    Shoals: Lair:2-4

Altars:
Makhleb
Trog
Xom
Beogh


Innate Abilities, Weirdness & Mutations

You are very small and have problems with some larger weapons.
You are too small for most types of armour.
You have supernaturally acute eyesight. (SInv)
You are a herbivore.
You cover ground extremely quickly.
You need to consume almost no food.


Message History

You barely miss the fire bat.
The fire bat is severely wounded.
The fire bat misses you.
You hit the fire bat but do no damage.
The fire bat looks as sick as possible!
The fire bat is severely wounded.
The fire bat completely misses you. x2
You closely miss the fire bat.
The fire bat is severely wounded.
The fire bat bites you.
* * * LOW HITPOINT WARNING * * *
You are engulfed in flames.
You resist.
* * * LOW HITPOINT WARNING * * *
You hit the fire bat.
The fire bat looks as sick as possible!
The fire bat is almost dead.
The fire bat bites you.
* * * LOW HITPOINT WARNING * * *
You are engulfed in flames.
You resist.
* * * LOW HITPOINT WARNING * * *
The fire bat bites you.
You die...

##### #...# ##.#.### .
##.###@b### ..
#.##∩###..##
...###.....###.#
.....###....##.#
..≈§..###∩####.##
.≈§§§§..###.....##
.≈§§≈≈≈...§§§§...#
≈≈§≈§≈§≈≈≈§§§§...#####
≈S≈§≈§§≈§§≈§§≈S....#.#


You could see a fire bat.

Vanquished Creatures
  A hydra (Lair:1)
  2 two-headed ogres
  Urug (Lair:2)
  Pikel (D:6)
  A spiny frog (Lair:1)
  A rime drake (Lair:2)
  Prince Ribbit (D:8)
  A hornet (D:8)
  6 hippogriffs
  3 fire bats (Volcano)
  Eustachio (D:6)
  Grum (Lair:1)
  A basilisk (Lair:1)
  5 yaks (Lair:1)
  2 water moccasins
  3 porcupines (D:9)
  2 black bears
  A phantom (D:7)
  4 ogres
  2 slaves (D:6)
  2 orc warriors (D:9)
  2 ice beasts
  3 sky beasts
  7 wolves
  A centaur (D:8)
  5 crocodiles
  2 big kobolds (D:8)
  4 bullfrogs
  4 scorpions
  4 killer bees (D:7)
  5 wights (D:7)
  3 howler monkeys (D:7)
  A bullfrog zombie (D:9)
  3 lava snakes (Volcano)
  A jelly (D:5)
  3 orc priests
  4 hounds
  An iguana (D:4)
  4 orc wizards
  9 worker ants
  A hound skeleton (D:4)
  2 howler monkey zombies
  5 gnolls
  4 adders
  A shadow imp (D:5)
  2 oozes
  An adder zombie (D:5)
  An adder skeleton (D:9)
  5 worms
  3 dart slugs
  4 leopard geckos
  28 orcs
  8 bats
  3 giant cockroaches
  6 goblins
  8 hobgoblins
  8 jackals
  7 quokkas
  A ball python (D:8)
  6 frilled lizards
  11 kobolds
  A leopard gecko zombie (D:4)
  5 rats
229 creatures vanquished.

Vanquished Creatures (others)
  A black mamba (Lair:1)
  A black bear (D:6)
  A bullfrog (D:6)
  A jelly (D:6)
  A worker ant zombie (D:6)
  A leopard gecko zombie (D:6)
  22 fungi (D:9)
  6 plants
34 creatures vanquished.

Grand Total: 263 creatures vanquished

Notes
Turn   | Place    | Note
-------+----------+-------------------------------------------
     0 | Abyss:1  | asterix666 the Spriggan Abyssal Knight began the quest for
                  | the Orb.
     0 | Abyss:1  | Reached XP level 1. HP: 11/11 MP: 3/3
    27 | Abyss:1  | Found a corrupted altar of Lugonu.
    48 | D:1      | Escaped the Abyss
   343 | D:1      | Reached skill level 4 in Dodging
   343 | D:1      | Reached XP level 2. HP: 9/16 MP: 4/4
  1434 | D:2      | Reached skill level 1 in Stealth
  1434 | D:2      | Reached XP level 3. HP: 7/19 MP: 5/5
  1934 | D:2      | Found a shimmering altar of Xom.
  1950 | D:2      | Reached skill level 1 in Short Blades
  2046 | D:2      | Reached XP level 4. HP: 23/23 MP: 6/6
  2091 | D:2      | Reached ** piety under Lugonu
  2605 | D:3      | Found a bloodstained altar of Trog.
  2844 | D:3      | Found a faded altar of an unknown god.
  2898 | D:3      | Reached skill level 5 in Dodging
  2935 | D:3      | Reached XP level 5. HP: 22/28 MP: 8/8
  3731 | D:4      | Reached *** piety under Lugonu
  4161 | D:4      | Reached XP level 6. HP: 32/32 MP: 9/9
  4727 | D:4      | Found a burning altar of Makhleb.
  4729 | D:4      | Noticed a green death
  5009 | D:5      | Entered Level 5 of the Dungeon
  5174 | D:5      | Reached skill level 6 in Dodging
  5413 | D:5      | Found a staircase to the Ecumenical Temple.
  5747 | D:5      | Reached XP level 7. HP: 13/36 MP: 11/11
  6346 | D:6      | Noticed Pikel
  6545 | D:6      | Killed Pikel
  6545 | D:6      | Reached skill level 7 in Dodging
  6545 | D:6      | Reached skill level 5 in Invocations
  6545 | D:6      | Reached XP level 8. HP: 34/42 MP: 11/13
  6802 | D:6      | Noticed Eustachio
  6845 | D:6      | Killed Eustachio
  7664 | D:7      | Reached **** piety under Lugonu
  7664 | D:7      | Reached skill level 8 in Dodging
  8452 | D:7      | Reached XP level 9. HP: 46/46 MP: 15/15
  9049 | D:7      | Reached skill level 5 in Fighting
  9811 | D:8      | Noticed a two-headed ogre
  9894 | D:8      | Identified the Incunabulum of Creation and the Snowflakes
 10180 | D:8      | Noticed Prince Ribbit
 10233 | D:8      | Killed Prince Ribbit
 10233 | D:8      | Reached skill level 5 in Polearms
 10233 | D:8      | Reached skill level 9 in Dodging
 11170 | D:8      | Killed a two-headed ogre
 11561 | D:8      | Reached XP level 10. HP: 33/51 MP: 17/17
 12002 | D:9      | Found a staircase to the Orcish Mines.
 12219 | D:9      | Noticed a two-headed ogre
 12833 | D:9      | Reached skill level 10 in Dodging
 13203 | D:9      | Found a staircase to the Lair.
 13534 | D:9      | Killed a two-headed ogre
 13753 | D:9      | Reached skill level 5 in Short Blades
 14412 | D:9      | Found a roughly hewn altar of Beogh.
 14475 | Lair:1   | Entered Level 1 of the Lair of Beasts
 14475 | Lair:1   | Noticed a seven-headed hydra
 14487 | Lair:1   | Killed a seven-headed hydra
 14559 | Lair:1   | Got a transparent rapier
 14679 | Lair:1   | Reached skill level 11 in Dodging
 14938 | D:9      | Reached skill level 5 in Stealth
 15282 | D:9      | Identified the +1 rapier of True Grit {pierce, +Inv} (You
                  | found it on level 1 of the Lair of Beasts)
 15410 | Lair:1   | Noticed a black mamba
 15418 | Lair:1   | Banished a black mamba
 15459 | Lair:1   | Noticed Grum
 15515 | Lair:1   | Killed Grum
 15515 | Lair:1   | Reached skill level 1 in Evocations
 15515 | Lair:1   | Reached XP level 11. HP: 55/55 MP: 18/18
 15652 | Lair:1   | Learned a level 1 spell: Summon Butterflies
 17028 | Lair:2   | Noticed Urug
 17038 | Lair:2   | Killed Urug
 17077 | Lair:2   | Found a dark tunnel.
 17088 | Volcano  | Entered a volcano
 17977 | Volcano  | HP: 2/55 [fire bat (4)]
 17986 | Volcano  | Slain by a fire bat

Skill      XL: |  1  2  3  4  5  6  7  8  9 10 11 |
---------------+----------------------------------+-----
Dodging        | 4 5 6 7 8 9 11 | 11.9
Invocations    | 2 3 4 5 7 8 9 |  9.0
Stealth        | 1 2 3 5 |  5.0
Short Blades   | 1 2 3 5 6 |  6.7
Fighting       | 3 4 5 |  5.0
Polearms       | 2 3 4 5 7 8 |  8.2
Evocations     | 1 4 |  4.2
Spellcasting   | |  0.9

Action                   |  1- 3 |  4- 6 |  7- 9 | 10-12 || total
-------------------------+-------+-------+-------+-------++-------
Melee: Spear             |   126 |   258 |   264 |   338 ||   986
       Dagger            |    18 |    52 |   189 |   222 ||   481
       Rapier            |       |       |       |    33 ||    33
 Fire: Blowgun           |       |       |    28 |    25 ||    53
       Shortbow          |       |       |    19 |    14 ||    33
Throw: Tomahawk          |       |       |     1 |       ||     1
Invok: Bend Space        |       |       |     6 |     4 ||    10
       Banish            |       |       |     1 |     1 ||     2
 Abil: Evoke Invisibilit |       |       |       |     3 ||     3
Evoke: Wand              |       |       |     2 |     5 ||     7
  Use: Scroll            |       |     6 |     9 |     8 ||    23
       Potion            |       |       |     2 |     3 ||     5
 Stab: Sleeping          |     3 |    14 |     7 |    10 ||    34
       Distracted        |       |     2 |       |       ||     2
       Paralysed         |       |       |     1 |     5 ||     6
       Invisible         |       |       |       |     3 ||     3
  Eat: Ration            |       |     2 |     2 |     5 ||     9
Armor: Robe              |     3 |    17 |     7 |     8 ||    35
Dodge: Dodged            |    52 |   155 |   235 |   371 ||   813
